 Dungeon Crawl Stone Soup version 0.21.0-3-g78d12a8 (webtiles) character file.

55 Monsterracer the Insei (level 3, -1/23 HPs)
             Began as an Octopode Transmuter on Jan 14, 2018.
             Hit by a stone thrown by a gnoll (7 damage)
             ... on level 2 of the Dungeon.
             The game lasted 00:04:43 (1629 turns).

Monsterracer the Insei (Octopode Transmuter)        Turns: 1629, Time: 00:04:43

Health: -1/23      AC:  1    Str:  9    XL:     3   Next: 93%
Magic:  4/6        EV: 13    Int: 15    God:
Gold:   80         SH:  0    Dex: 13    Spells: 0/6 levels left

rFire    . . .     SeeInvis .     - Unarmed
rCold    . . .     Gourm    .   (no shield)
rNeg     . . .     Faith    .   (helmet restricted)
rPois    .         Spirit   .   (no amulet)
rElec    .         Reflect  .   (no ring)
rCorr    .         Harm     .   (no ring)
MR       .....                  (no ring)
Stlth    ++........             (no ring)
HPRegen  0.07/turn              (no ring)
MPRegen  0.10/turn              (no ring)
                                (no ring)
                                (no ring)

@: very slightly contaminated
A: almost no armour, stealthy swim, amphibious, 8 rings, constrict 8, camouflage
1, gelatinous body 1
a: no special abilities


You were on level 2 of the Dungeon.
You were hungry.

You visited 1 branch of the dungeon, and saw 2 of its levels.

You collected 80 gold pieces.

Inventory:

Missiles
 a - 12 arrows
Scrolls
 f - a scroll of blinking {unknown}
 g - a scroll of immolation {unknown}
 i - 2 scrolls of enchant armour {unknown}
 j - a scroll of remove curse {unknown}
 k - a scroll of identify {unknown}
Potions
 d - 2 potions of flight {unknown}
 e - a potion of agility {unknown}
 h - a potion of curing {unknown}
 l - a potion of degeneration {unknown}
 m - a potion of mutation {unknown}
 o - a potion of experience {unknown}
Books
 b - a book of Changes

   Spells                             Type                      Level
   a - Beastly Appendage              Transmutation                1
   b - Sticks to Snakes               Transmutation                2
   c - Spider Form                    Transmutation/Poison         3
   d - Ice Form                       Ice/Transmutation            4
   e - Blade Hands                    Transmutation                5
Comestibles
 c - a ration


   Skills:
 - Level 1.0 Fighting
 - Level 2.0 Dodging
 * Level 3.7 Unarmed Combat
 + Level 2.4 Spellcasting
 * Level 3.0 Transmutations


You couldn't memorise any spells.
You knew the following spells:

 Your Spells              Type           Power        Failure   Level  Hunger
a - Beastly Appendage     Tmut           ##....       6%          1    #......
b - Sticks to Snakes      Tmut           ##......     10%         2    ###....
c - Spider Form           Tmut/Pois      #.........   34%         3    ###....


Dungeon Overview and Level Annotations

Branches:
Dungeon (2/15)

Altars:


Innate Abilities, Weirdness & Mutations

You cannot wear most types of armour.
You are very stealthy in the water. (Stealth+)
You are amphibious.
You can wear up to eight rings at the same time.
You can use your tentacles to constrict eight enemies at once.
Your skin changes colour to match your surroundings (Stealth+).
Your rubbery body absorbs attacks. (AC +1, EV +1)


Message History

* * * LOW HITPOINT WARNING * * *
The goblin closely misses you.
You take 2 damage, and have 8/23 hp.
You tentacle-slap the goblin.
You kill the goblin!
The goblin closely misses you.
You tentacle-slap the goblin.
You kill the goblin!
The goblin misses you.
You bludgeon the goblin!
You kill the goblin!
Your Transmutations skill increases to level 3!
o - a brown potion
Things that are here:
a club; a dagger There isn't anything to butcher here.
You start resting.
Eating one of 2 chunks of flesh.
You eat one of the 2 chunks of flesh.
This raw flesh tastes terrible.
Magic restored.
MP restored: 6 You start resting.
HP restored.
Health restored: 23
Things that are here:
a spear; an animal skin; a helmet
Items here: ))) ÷÷ a dagger; a club x2; a hobgoblin skeleton; a goblin skeleton
There is a stone staircase leading up here.
You now have 80 gold pieces (gained 7).
All of the chunks of flesh in your inventory have rotted away.
A quokka comes into view.
A quokka is nearby!
A quokka is nearby!
The quokka bites you. The quokka barely misses you.
You take 5 damage, and have 18/23 hp.
MASSIVE DAMAGE!!
You barely miss the quokka. Your grab misses the quokka.
The quokka closely misses you.
You closely miss the quokka. Your grab misses the quokka.
The quokka barely misses you.
You tentacle-slap the quokka but do no damage.
Your grab misses the quokka.
You squeeze the quokka, but do no damage.
The quokka misses you.
You tentacle-slap the quokka. Your grab misses the quokka.
Your squeeze misses the quokka.
The quokka is moderately wounded.
The quokka bites you.
You take 4 damage, and have 14/23 hp.
You tentacle-slap the quokka.
You kill the quokka!
You see here a quokka corpse.
You regained 5 hp, and now have 20/23 hp.
A gnoll is nearby!
Casting: Spider Form
Confirm with . or Enter, or press ? or * to list all spells.
You miscast Spider Form.
You are very lightly contaminated with residual magic.
Wisps of poison gas drift from your tentacles.
You are feeling hungry.
The gnoll shouts!
The gnoll throws a stone.
The stone hits you but does no damage.
You now have 3/6 mp.
You start resting.
The gnoll barely misses you.
The gnoll shouts! x2
You tentacle-slap the gnoll. Your grab misses the gnoll.
Your squeeze misses the gnoll.
The gnoll is moderately wounded.
The gnoll barely misses you.
The gnoll shouts!
You tentacle-slap the gnoll. You grab the gnoll.
You squeeze the gnoll, but do no damage.
The gnoll is moderately wounded.
You constrict the gnoll.
You hear an angry hiss.
You tentacle-slap the gnoll but do no damage.
You squeeze the gnoll, but do no damage.
The gnoll is heavily wounded.
You constrict the gnoll, but do no damage.
The gnoll escapes!
You barely miss the gnoll. You grab the gnoll.
The gnoll is heavily wounded.
You constrict the gnoll. The gnoll closely misses you.
The gnoll hits you with a flail!
You take 9 damage, and have 12/23 hp.
MASSIVE DAMAGE!!
You tentacle-slap the gnoll.
The gnoll is heavily wounded.
You constrict the gnoll. The gnoll closely misses you.
You tentacle-slap the gnoll but do no damage.
You squeeze the gnoll, but do no damage.
The gnoll is severely wounded.
You constrict the gnoll, but do no damage.
The gnoll hits you with a flail.
* * * LOW HITPOINT WARNING * * *
The gnoll closely misses you.
You take 6 damage, and have 6/23 hp.
MASSIVE DAMAGE!!
You release your grip on the gnoll.
The leopard gecko hisses angrily.
The gnoll throws a stone.
The stone hits you!
You die...

.......#l.##.# #..#
#......# ##.# .
####.....# #.#
.##.g..#...# #.#
...g####...##.#####g###
..††..........l...gg..#
..>..#####..#.###.#.###
......# #....###.#.#
.....?# #......@.#..
...)..# #......#..#..
......# ###..####.....
......# ## #.....
.....## #..... .... ...
..


You could see 2 gnolls.

Vanquished Creatures
  Robin (D:2)
  2 leopard geckos
  3 bats (D:1)
  4 giant cockroaches
  10 goblins
  4 hobgoblins
  4 jackals (D:1)
  A quokka (D:2)
  A ball python (D:1)
  2 frilled lizards (D:1)
  3 kobolds (D:1)
  A rat (D:2)
36 creatures vanquished.

Notes
Turn   | Place    | Note
-------+----------+-------------------------------------------
     0 | D:1      | Monsterracer the Octopode Transmuter began the quest for the Orb.
     0 | D:1      | Reached XP level 1. HP: 13/13 MP: 3/3
   141 | D:1      | Reached XP level 2. HP: 17/18 MP: 3/5
   186 | D:1      | Learned a level 2 spell: Sticks to Snakes
   236 | D:1      | HP: 8/18 [jackal (3)]
   505 | D:1      | Reached XP level 3. HP: 23/23 MP: 6/6
   869 | D:1      | Learned a level 3 spell: Spider Form
   968 | D:2      | HP: 7/23 [gnoll/spear (8)]
  1242 | D:2      | Noticed Robin
  1280 | D:2      | Killed Robin
  1294 | D:2      | HP: 10/23 [goblin/dagger[Robin] (2)]
  1626 | D:2      | HP: 6/23 [gnoll/flail (6)]
  1629 | D:2      | Hit by a stone thrown by a gnoll

Skill      XL: |  1  2  3 |
---------------+----------+-----
Transmutations | 3 |  3.0
Fighting       | |  1.0
Dodging        | |  2.0
Unarmed Combat | |  3.7
Spellcasting   | |  2.4

Action                   || total
-------------------------++-------
Melee: Unarmed           ||    83
       Kick              ||     7
       Constrict         ||    20
       Tentacles         ||    15
       Punch             ||     2
 Cast: Beastly Appendage ||     5
       Spider Form       ||     2
 Stab: Distracted        ||     1
       Sleeping          ||     2
  Eat: Chunk             ||     2
Armor: Skin              ||    12
Dodge: Dodged            ||    77

Vault maps used:
D:1:      saegor_arrival_simple_a
D:2:      first_ration, makhleb_altar_promises_db, uniq_crazy_yiuf_cottage,
          uniq_robin
